 Dungeon Crawl Stone Soup version 0.27.0-1-g7a089689b8 (webtiles) character file.

Game seed: 4646565717682661376

39 Acheron the Chiller (level 3, 0/25 HPs)
             Began as a Merfolk Ice Elementalist on July 31, 2021.
             Slain by a gnoll (3 damage)
             ... on level 1 of the Dungeon.
             The game lasted 00:08:12 (2165 turns).

Acheron the Chiller (Merfolk Ice Elementalist)      Turns: 2165, Time: 00:08:12

Health: 0/25       AC:  4    Str:  8    XL:     3   Next: 45%
Magic:  6/6        EV: 13    Int: 15    God:
Gold:   101        SH:  0    Dex: 14    Spells: 5/6 levels left

rFire    . . .     SeeInvis .   j - +3 dagger
rCold    . . .     Faith    .   (no shield)
rNeg     . . .     Spirit   .   a - +0 robe
rPois    .         Reflect  .   (no helmet)
rElec    .         Harm     .   (no cloak)
rCorr    .         Rampage  .   c - +1 pair of gloves
Will     .....                  (no boots)
Stlth    ++........             (no amulet)
HPRegen  0.08/turn              (no ring)
MPRegen  0.10/turn              (no ring)

@: hasted, very quick
A: (nimble swimmer 2), mertail
a: no special abilities


You were on level 1 of the Dungeon.
You visited 1 branch of the dungeon, and saw 3 of its levels.

You collected 101 gold pieces.

Inventory:

Hand Weapons
 j - a +3 dagger (weapon)
 k - a +0 war axe
Missiles
 d - 37 poisoned darts (quivered)
Armour
 a - a +0 robe (worn)
 c - a +1 pair of gloves (worn)
Scrolls
 b - a scroll of noise {unknown}
 l - a scroll of blinking {unknown}
Potions
 f - a potion of resistance {unknown}
 g - a potion of mutation


   Skills:
 * Level 0.5 Fighting
 * Level 1.4 Short Blades
 * Level 3.1 Dodging
 * Level 2.6 Stealth
 * Level 2.3 Spellcasting
 + Level 4.7 Ice Magic


You had 5 spell levels left.
You knew the following spells:

 Your Spells              Type           Power      Damage    Failure   Level
a - Freeze                Ice            60%        1d8       3%          1

Your spell library contained the following spells:

 Spells                   Type           Power      Damage    Failure   Level
 Frozen Ramparts          Ice            30%        1d5       10%         3
 Ozocubu's Armour         Ice            15%        N/A       10%         3
 Hailstorm                Conj/Ice       8%         3d4       63%         4


Dungeon Overview and Level Annotations

Branches:
Dungeon (3/15)

Altars:


Innate Abilities, Weirdness & Mutations

((You are quick and stealthy near water. (Stealth+, EV+, Speed+++)))
Your lower body shifts to a powerful aquatic tail in water.


Message History

Things that are here:
a +0 dagger; a goblin corpse Unknown command.
The gnoll hits you but does no damage.
Okay, then.
The gnoll hits you with a +0 spear!
You hit the gnoll but do no damage. You hit the gnoll.
The gnoll is lightly wounded.
The gnoll barely misses you.
You hit the gnoll but do no damage.
The gnoll is lightly wounded.
The gnoll barely misses you.
You hit the gnoll.
The gnoll is moderately wounded.
The gnoll hits you with a +0 spear.
* * * LOW HITPOINT WARNING * * *
You barely miss the gnoll.
The gnoll is lightly wounded.
The gnoll closely misses you.
Okay, then.
As you read the scroll labelled CICZAOTEPH, it crumbles to dust.
It is a scroll of identify.
g - a potion of mutation The gnoll misses you.
It was a potion of haste.
You feel yourself speed up. The gnoll hits you with a +0 spear.
* * * LOW HITPOINT WARNING * * *
You hit the gnoll.
The gnoll is moderately wounded.
The gnoll misses you.
You closely miss the gnoll.
The gnoll is moderately wounded.
You hit the gnoll but do no damage.
The gnoll is moderately wounded.
The gnoll closely misses you.
You hit the gnoll but do no damage.
The gnoll is moderately wounded.
The gnoll hits you with a +0 spear.
You die...

...............####'#.#.#.#
#.#
....###........#....#...#.#
#.# #####
#........#.########.# #.# #
#........#.########.# #.# #
#........#..........# #.# #
##.#####.############ #.# #
#.# #.#.# #†. #.# #.#.# ###
#.# #.#@# ########.# #.#g#
.........# #.#.#
##############.#)#
...............#.#
........########.#
#######.# #.# ........# #.#
################.#


You could see a gnoll.

Vanquished Creatures
  2 dart slugs (D:1)
  3 endoplasms (D:1)
  3 giant cockroaches (D:1)
  6 goblins (D:1)
  2 hobgoblins
  3 ball pythons (D:1)
  4 bats
  A frilled lizard (D:1)
  4 kobolds (D:1)
  6 rats
34 creatures vanquished.

Notes
Turn   | Place    | Note
-------+----------+-------------------------------------------
     0 | D:1      | Acheron the Merfolk Ice Elementalist began the quest for
                  | the Orb.
     0 | D:1      | Reached XP level 1. HP: 13/13 MP: 3/3
   462 | D:1      | Reached XP level 2. HP: 16/19 MP: 5/5
  1479 | D:1      | Reached XP level 3. HP: 25/25 MP: 6/6
  1584 | D:1      | Reached skill level 1 in Short Blades
  2165 | D:1      | Slain by a gnoll

Illustrated notes

Levels and vault maps discovered:
D:1:      tarquinn_simple_flora_water_e, layout_basic,
          hangedman_decor_clover_reticule, minmay_quantized
D:2:      layout_loops_ring, uniq_sigmund
D:3:      layout_basic, ebering_ghost_sewer_d,
          chequers_ecumenical_altar_simple_redux

Skill      XL: |  1  2  3 |
---------------+----------+-----
Short Blades   | 1 |  1.4
Dodging        | 3 |  3.1
Fighting       | |  0.5
Stealth        | |  2.6
Spellcasting   | |  2.3
Ice Magic      | |  4.7

Action                   || total
-------------------------++-------
Melee: Unarmed           ||     3
       Short sword       ||    72
       Dagger            ||    23
Throw: Dart              ||     6
 Cast: Freeze            ||    11
  Use: Scroll            ||     2
       Potion            ||     1
 Stab: Sleeping          ||     2
Armor: Robe              ||    21
Dodge: Dodged            ||    67
